 Dungeon Crawl Stone Soup version 0.24-a0-580-g6a6c3f83c1 (webtiles) character file.

Game seed: 8365695664044893938

1255 Peloso the Slasher (level 8, -9/70 HPs)
             Began as a Minotaur Fighter on Aug 22, 2019.
             Killed by nerve-wracking pain
             ... invoked by an orc priest
              (12 damage)
             ... on level 6 of the Dungeon.
             The game lasted 00:08:07 (4930 turns).

Peloso the Slasher (Minotaur Fighter)               Turns: 4930, Time: 00:08:08

Health: -9/70      AC: 12    Str: 21    XL:     8   Next: 26%
Magic:  7/7        EV: 10    Int:  5    God:
Gold:   286        SH: 10    Dex: 12    Spells: 7/7 levels left

rFire    . . .     SeeInvis .   a - +0 long sword
rCold    . . .     Gourm    .   c - +0 shield
rNeg     . . .     Faith    .   s - +0 chain mail
rPois    .         Spirit   .   (helmet restricted)
rElec    .         Reflect  .   l - +0 cloak
rCorr    .         Harm     .   o - +0 pair of gloves
MR       .....                  (no boots)
Stlth    ..........             (no amulet)
HPRegen  0.21/turn              (no ring)
MPRegen  0.10/turn              v - +3 ring of evasion

@: no status effects
A: retaliatory headbutt, horns 2
a: no special abilities


You were on level 6 of the Dungeon.
You were hungry.

You visited 1 branch of the dungeon, and saw 6 of its levels.

You collected 286 gold pieces.

Inventory:

Hand Weapons
 a - a +0 long sword (weapon)
 w - the +8 dagger of Biry {pierce, Int+2 Stlth+}
   (You found it on level 5 of the Dungeon)

   It inflicts extra damage upon your enemies.
   It affects your intelligence (+2).
   It makes you more stealthy.
Armour
 b - a +0 scale mail
 c - a +0 shield (worn)
 l - a +0 cloak (worn)
 o - a +0 pair of gloves (worn)
 s - a +0 chain mail (worn)
Jewellery
 d - an uncursed ring of stealth
 v - a +3 ring of evasion (right hand)
Wands
 q - a wand of disintegration (10)
 r - a wand of iceblast (8)
 u - a wand of flame (18)
 A - a wand of paralysis (6)
Scrolls
 h - 2 scrolls of remove curse
 j - a scroll of blinking {unknown}
 k - a scroll of holy word {unknown}
 m - 2 scrolls of teleportation {unknown}
 y - a scroll of identify
 z - a scroll of enchant weapon {unknown}
 B - a scroll of amnesia {unknown}
Potions
 e - 3 potions of magic
 g - 2 potions of curing
 i - a potion of degeneration {unknown}
 n - a potion of flight {unknown}
 p - a potion of haste
 t - a potion of ambrosia
 x - 2 potions of agility {unknown}
Comestibles
 f - 6 rations


   Skills:
 + Level 5.9 Fighting
 + Level 7.3 Long Blades
 + Level 6.5 Armour
 + Level 2.8 Dodging
 + Level 0.7 Stealth
 + Level 6.4 Shields


You had 7 spell levels left.
You didn't know any spells.
Your spell library was empty.

Dungeon Overview and Level Annotations

Branches:
Dungeon (6/15)
 Temple: D:4-7

Altars:
Cheibriados
Elyvilon
Hepliaklqana
Kikubaaqudgha
Qazlal
Uskayaw
Wu Jian
Yredelemnul


Innate Abilities, Weirdness & Mutations

You reflexively headbutt those who attack you in melee.
You have a pair of horns on your head.


Message History

You slash the orc priest!
You kill the orc priest!
The orc priest invokes the aid of Beogh against you.
You struggle to resist.
Unknown command.
You hit the orc priest but do no damage.
You block the orc priest's attack.
You slash the orc priest! Your headbutt misses the orc priest.
The orc priest is heavily wounded.
You block the orc priest's attack.
You hit the orc priest.
The orc priest is severely wounded.
The orc priest mumbles some strange prayers to Beogh against you.
Pain shoots through your body!
* * * LOW HITPOINT WARNING * * *
You hit the orc priest.
The orc priest is almost dead.
The orc priest calls down the wrath of Beogh upon you.
Pain shoots through your body!
You die...

##..###..######...
#..###..#......#
+...'...'......#
#...#...#......#
##.####+#......########
#.###..###'###.....(.#
#........#...#.......#
#........'.))#.......#
#........#..@o.......#
##############.......#
......o.o......######
..=....o.......#
o..............#
...............#
...............#
#####....####### #....#


You could see an orc priest.

Vanquished Creatures
  Sigmund (D:2)
  Menkaure (D:5)
  A black bear (D:4)
  An ogre (D:3)
  A centaur (D:5)
  3 killer bees (D:5)
  A crimson imp (D:6)
  A jelly (D:5)
  4 orc priests
  A bullfrog skeleton (D:6)
  A centaur skeleton (D:3)
  An iguana (D:4)
  Ijyb (D:3)
  Natasha (D:1)
  3 worker ants
  A hound zombie (D:3)
  A hound skeleton (D:3)
  4 adders
  A howler monkey skeleton (D:3)
  A shadow imp (D:4)
  An ooze (D:1)
  2 worms
  2 dart slugs
  4 leopard geckos
  18 orcs
  2 bat zombies (D:3)
  6 giant cockroaches
  4 goblins
  7 hobgoblins
  4 jackals (D:6)
  9 kobolds
  A quokka (D:5)
  6 ball pythons
  7 bats
  10 frilled lizards
  A jackal skeleton (D:5)
  2 quokka skeletons
  8 rats
  A rat zombie (D:3)
125 creatures vanquished.

Notes
Turn   | Place    | Note
-------+----------+-------------------------------------------
     0 | D:1      | Peloso the Minotaur Fighter began the quest for the Orb.
     0 | D:1      | Reached XP level 1. HP: 19/19 MP: 0/0
   166 | D:1      | Reached XP level 2. HP: 27/27 MP: 1/1
   631 | D:2      | Reached XP level 3. HP: 26/34 MP: 2/2
   657 | D:2      | Noticed Natasha
   669 | D:1      | Killed Natasha
   926 | D:2      | Reached skill level 3 in Long Blades
   994 | D:2      | Found a hazy altar of Hepliaklqana.
  1135 | D:2      | Reached XP level 4. HP: 41/41 MP: 3/3
  1166 | D:2      | Noticed Sigmund
  1173 | D:2      | Killed Sigmund
  1173 | D:2      | Reached skill level 4 in Long Blades
  1173 | D:2      | Reached skill level 1 in Dodging
  1173 | D:2      | Reached XP level 5. HP: 45/47 MP: 4/4
  1415 | D:3      | Noticed an ogre
  1421 | D:3      | Killed an ogre
  1421 | D:3      | Reached skill level 5 in Armour
  1421 | D:3      | Reached XP level 6. HP: 55/55 MP: 5/5
  1493 | D:3      | Reached skill level 5 in Long Blades
  1948 | D:3      | Reached skill level 5 in Shields
  1957 | D:3      | Reached skill level 5 in Fighting
  2183 | D:3      | Noticed Ijyb
  2190 | D:3      | Killed Ijyb
  2547 | D:3      | Found an ancient bone altar of Kikubaaqudgha.
  2762 | D:4      | Reached XP level 7. HP: 61/61 MP: 6/6
  3043 | D:4      | Found an ornate altar of the Wu Jian Council.
  3043 | D:4      | Found a basalt altar of Yredelemnul.
  3097 | D:4      | Reached skill level 6 in Long Blades
  3487 | D:5      | Entered Level 5 of the Dungeon
  3564 | D:5      | Found a white marble altar of Elyvilon.
  3564 | D:5      | Noticed Menkaure
  3565 | D:5      | Found a hide-covered altar of Uskayaw.
  3565 | D:5      | Found a stormy altar of Qazlal.
  3569 | D:5      | Killed Menkaure
  4131 | D:5      | Reached skill level 7 in Long Blades
  4131 | D:5      | Reached XP level 8. HP: 58/69 MP: 7/7
  4173 | D:5      | Got a smoking dagger
  4174 | D:5      | Identified the +8 dagger of Biry {pierce, Int+2 Stlth+}
                  | (You found it on level 5 of the Dungeon)
  4332 | D:5      | Found a snail-covered altar of Cheibriados.
  4929 | D:6      | HP: 2/70 [orc priest/nerve-wracking pain (11)]
  4930 | D:6      | Killed from afar by an orc priest

Levels and vault maps discovered:
D:1:      shiori_arrival_oz, layout_loops_ring, nrook_campfire
D:2:      layout_rooms, lemuel_doored_altar, uniq_natasha, uniq_sigmund
D:3:      layout_loops_corners, lemuel_zombie_altar_kikubaaqudgha,
          serial_undead, serial_undead_d, serial_undead_e, serial_undead_f,
          serial_undead_d, minmay_quantized, uniq_ijyb
D:4:      layout_loops_ring, gammafunk_temple_overflow_elements, minivault_5
D:5:      layout_loops_ring, cheibriados_altar_1,
          chequers_temple_overflow_statue_of_worship, first_ration, minmay_puff,
          uniq_menkaure
D:6:      layout_gridville, minmay_temple_entry_statues_pillars,
          grunt_ministairs_3

Skill      XL: |  1  2  3  4  5  6  7 |
---------------+----------------------+-----
Fighting       | 4 5 |  5.9
Armour         | 4 5 6 |  6.5
Shields        | 4 5 6 |  6.4
Long Blades    | 3 4 5 7 |  7.3
Dodging        | 1 2 |  2.8
Stealth        | |  0.7

Action                   |  1- 3 |  4- 6 |  7- 9 || total
-------------------------+-------+-------+-------++-------
Melee: Long sword        |    77 |   124 |   148 ||   349
       Headbutt          |    10 |    16 |    25 ||    51
  Use: Potion            |       |     1 |     3 ||     4
       Scroll            |       |       |     4 ||     4
  Eat: Chunk             |     1 |     5 |     3 ||     9
       Ration            |       |       |     1 ||     1
Armor: Scale mail        |    29 |    27 |       ||    56
       Chain mail        |       |    21 |    54 ||    75
Dodge: Dodged            |    21 |    39 |    47 ||   107
Block: Shield            |    42 |    68 |    80 ||   190
       Rpst.: Long sword |     9 |    14 |    17 ||    40

Table legend:
 A = Non-vault XP
 B = Vault XP
 C = Vault XP percentage of total XP
 D = Non-vault monster count
 E = Vault monster count
 F = Vault count percentage of total count
                 A         B        C        D         E       F
            +---------+---------+-------+---------+---------+-------
      Total |    1210 |     584 |  32.6 |     110 |      15 |  12.0
            +---------+---------+-------+---------+---------+-------
        D:1 |      33 |      39 |  54.2 |      15 |       3 |  16.7
        D:2 |      29 |     220 |  88.4 |      14 |       1 |   6.7
        D:3 |     277 |     124 |  30.9 |      36 |       9 |  20.0
        D:4 |     251 |       0 |   0.0 |      20 |       0 |   0.0
        D:5 |     386 |     201 |  34.2 |      12 |       2 |  14.3
        D:6 |     234 |       0 |   0.0 |      13 |       0 |   0.0
            +---------+---------+-------+---------+---------+-------
